[ PARTIDA AOE2 · #458164959 ]
Team RMInca vs Koreans
[ ANÁLISIS DE REPETICIÓN · EXTRAÍDO DE LA PARTIDA GRABADA ]
Feudal
11:44
Castillos
34:09
Imperial
—
| APM promedio | 45.7 |
| APM pico | 106 |
| eAPM promedio | 24.2 |
| Aldeanos / militares | 94 / 87 |
Foco
⚔️ 18.3% · 🌾 81.7%
Kamayuk ×51 · Skirmisher ×36 · Unknown (2550) ×31
Feudal
11:41
Castillos
24:48
Imperial
—
| APM promedio | 25.2 |
| APM pico | 46 |
| eAPM promedio | 12.6 |
| Aldeanos / militares | 65 / 55 |
Foco
⚔️ 36.6% · 🌾 63.4%
Archer ×29 · Fire Lancer ×17 · Battering Ram ×4 · War Wagon ×3 · Militia ×2
Feudal
9:55
Castillos
21:50
Imperial
—
| APM promedio | 40.2 |
| APM pico | 94 |
| eAPM promedio | 19.7 |
| Aldeanos / militares | 86 / 100 |
Foco
⚔️ 29.9% · 🌾 70.1%
Ghulam ×76 · Skirmisher ×15 · Spearman ×4 · Mangonel ×4 · Armored Elephant ×1
Feudal
—
Castillos
—
Imperial
—
| APM promedio | 45.3 |
| APM pico | 97 |
| eAPM promedio | 20.9 |
| Aldeanos / militares | 102 / 83 |
Foco
⚔️ 21.8% · 🌾 78.2%
Archer ×57 · Battle Elephant ×14 · Skirmisher ×4 · Spearman ×3 · Mangonel ×3 · Scorpion ×1
Mapa de la partida
Recursos al inicio + cada clic de construcción. Línea gruesa = muro · recuadro discontinuo = muro de casas detectado. 🟡 oro · ⚪ piedra · 🟢 bayas · 🔶 jabalí · ⭕ reliquia
Inputs por minuto
— Toco - - zucs
Build order — Toco
150 acciones detectadas en el replay
| 0:03 | Construir | House |
| 0:05 | Construir | Barracks |
| 0:11 | Crear | Villager (Male) ×4 |
| 0:12 | Crear | Villager (Male) ×4 |
| 0:12 | Crear | Villager (Male) ×4 |
| 1:12 | Crear | Unit 2550 |
| 1:12 | Crear | Unit 2550 |
| 1:12 | Crear | Unit 2550 |
| 1:30 | Crear | Villager (Male) |
| 1:30 | Crear | Villager (Male) |
| 1:54 | Crear | Villager (Male) |
| 1:54 | Crear | Villager (Male) |
| 3:15 | Crear | Villager (Male) |
| 3:16 | Crear | Villager (Male) |
| 3:16 | Crear | Villager (Male) |
| 3:43 | Crear | Villager (Male) ×2 |
| 3:44 | Crear | Villager (Male) ×2 |
| 3:52 | Crear | Unit 2550 |
| 3:53 | Crear | Unit 2550 |
| 4:07 | Crear | Villager (Male) ×3 |
| 4:18 | Crear | Unit 2550 ×2 |
| 4:18 | Crear | Unit 2550 ×2 |
| 4:18 | Crear | Unit 2550 ×2 |
| 4:22 | Crear | Villager (Male) ×2 |
| 4:22 | Crear | Villager (Male) ×2 |
| 4:23 | Crear | Villager (Male) ×2 |
| 5:24 | Crear | Villager (Male) ×3 |
| 5:24 | Crear | Villager (Male) ×3 |
| 5:58 | Construir | House |
| 6:02 | Crear | Villager (Male) |
| 6:02 | Crear | Villager (Male) |
| 6:03 | Crear | Villager (Male) |
| 7:45 | Construir | Settlement |
| 9:34 | Investigar | Feudal Age |
| 10:36 | Construir | Settlement |
| 11:26 | Crear | Villager (Male) |
| 11:26 | Crear | Villager (Male) |
| 11:44 | Edad | Edad Feudal |
| 11:50 | Construir | Market |
| 12:14 | Investigar | Arson |
| 12:37 | Crear | Villager (Male) ×5 |
| 12:37 | Crear | Villager (Male) ×5 |
| 12:47 | Investigar | Tech 1402 |
| 13:31 | Crear | Unit 2550 ×5 |
| 13:31 | Crear | Unit 2550 ×5 |
| 13:49 | Crear | Villager (Male) |
| 13:50 | Investigar | Loom |
| 14:14 | Investigar | Horse Collar |
| 14:21 | Construir | Farm |
| 14:23 | Construir | Farm |
| 14:25 | Construir | Farm |
| 14:31 | Construir | Farm |
| 15:47 | Crear | Villager (Male) ×5 |
| 15:50 | Construir | Farm |
| 15:50 | Construir | Farm |
| 15:50 | Construir | Farm |
| 16:49 | Investigar | Double-Bit Axe |
| 18:11 | Crear | Villager (Male) |
| 18:11 | Crear | Villager (Male) |
| 18:21 | Construir | Archery Range |
| 18:44 | Crear | Skirmisher ×2 |
| 18:44 | Crear | Skirmisher ×2 |
| 19:44 | Crear | Skirmisher ×4 |
| 19:44 | Crear | Skirmisher ×4 |
| 19:44 | Crear | Skirmisher ×4 |
| 20:02 | Construir | Palisade Wall |
| 20:45 | Construir | Settlement |
| 21:49 | Construir | House |
| 22:03 | Construir | Watch Tower |
| 23:06 | Crear | Skirmisher ×2 |
| 23:06 | Crear | Skirmisher ×2 |
| 23:27 | Construir | Watch Tower |
| 24:30 | Crear | Villager (Male) |
| 24:30 | Crear | Villager (Male) |
| 24:31 | Crear | Villager (Male) |
| 24:51 | Crear | Skirmisher ×2 |
| 24:51 | Crear | Skirmisher ×2 |
| 25:49 | Crear | Skirmisher ×2 |
| 25:49 | Crear | Skirmisher ×2 |
| 25:50 | Crear | Skirmisher ×2 |
| 26:05 | Crear | Villager (Male) |
| 26:25 | Crear | Skirmisher ×2 |
| 26:25 | Crear | Skirmisher ×2 |
| 26:26 | Crear | Skirmisher ×2 |
| 27:29 | Construir | Farm |
| 27:29 | Construir | Farm |
| 27:29 | Construir | Farm |
| 27:29 | Construir | Farm |
| 27:29 | Construir | Farm |
| 27:59 | Construir | Farm |
| 28:12 | Crear | Villager (Male) ×2 |
| 28:12 | Crear | Villager (Male) ×2 |
| 28:12 | Crear | Villager (Male) ×2 |
| 28:19 | Construir | Farm |
| 28:19 | Construir | Farm |
| 28:55 | Crear | Villager (Male) |
| 31:02 | Construir | Farm |
| 31:04 | Crear | Villager (Male) |
| 31:23 | Investigar | Castle Age |
| 31:40 | Construir | Farm |
| 32:53 | Crear | Unit 2550 ×5 |
| 32:53 | Crear | Unit 2550 ×5 |
| 34:09 | Edad | Edad de los Castillos |
| 34:13 | Crear | Villager (Male) ×5 |
| 34:19 | Investigar | Heavy Plow |
| 35:27 | Construir | Castle |
| 35:37 | Construir | House |
| 35:46 | Construir | Palisade Wall |
| 35:51 | Construir | Palisade Wall |
| 36:38 | Crear | Kamayuk ×5 |
| 36:39 | Crear | Kamayuk ×5 |
| 36:39 | Crear | Kamayuk ×5 |
| 36:39 | Crear | Kamayuk |
| 36:51 | Crear | Villager (Male) |
| 36:51 | Crear | Villager (Male) |
| 37:15 | Construir | Farm |
| 37:25 | Crear | Kamayuk ×3 |
| 37:25 | Crear | Kamayuk ×3 |
| 37:25 | Crear | Kamayuk ×3 |
| 37:53 | Construir | Settlement |
| 37:57 | Crear | Villager (Male) ×2 |
| 37:57 | Crear | Villager (Male) ×2 |
| 38:11 | Crear | Villager (Male) |
| 38:11 | Crear | Villager (Male) |
| 38:11 | Crear | Villager (Male) |
| 38:14 | Construir | Farm |
| 38:15 | Construir | Farm |
| 38:15 | Construir | Farm |
| 38:20 | Crear | Kamayuk |
| 38:21 | Crear | Kamayuk |
| 38:21 | Crear | Kamayuk |
| 38:38 | Crear | Kamayuk ×2 |
| 38:38 | Crear | Kamayuk ×2 |
| 38:38 | Crear | Kamayuk ×2 |
| 39:11 | Crear | Villager (Male) |
| 39:11 | Crear | Villager (Male) |
| 39:15 | Construir | Farm |
| 39:15 | Construir | Farm |
| 39:15 | Construir | Farm |
| 39:25 | Investigar | Bow Saw |
| 39:52 | Crear | Villager (Male) |
| 39:57 | Crear | Kamayuk ×2 |
| 39:57 | Crear | Kamayuk ×2 |
| 39:58 | Crear | Kamayuk ×2 |
| 40:02 | Construir | Blacksmith |
| 41:02 | Crear | Kamayuk ×5 |
| 41:02 | Crear | Kamayuk ×5 |
| 41:02 | Crear | Kamayuk |
| 41:21 | Crear | Villager (Male) ×2 |
| 41:21 | Crear | Villager (Male) ×2 |
Build order — zucs
Primeras 150 de 188 acciones detectadas
| 0:04 | Crear | Villager (Male) ×4 |
| 0:05 | Construir | House |
| 0:07 | Construir | House |
| 1:28 | Crear | Villager (Male) |
| 1:53 | Construir | Lumber Camp |
| 2:03 | Crear | Villager (Male) |
| 2:22 | Crear | Villager (Male) |
| 2:52 | Crear | Villager (Male) |
| 3:43 | Crear | Villager (Male) |
| 4:10 | Investigar | Loom |
| 4:13 | Construir | House |
| 4:33 | Crear | Villager (Male) |
| 4:56 | Crear | Villager (Male) ×2 |
| 5:09 | Construir | Mill |
| 5:45 | Crear | Villager (Male) |
| 6:13 | Crear | Villager (Male) |
| 6:28 | Crear | Villager (Male) |
| 7:05 | Construir | House |
| 7:07 | Construir | Palisade Wall |
| 7:08 | Construir | Palisade Wall |
| 7:57 | Construir | Barracks |
| 8:25 | Construir | Palisade Wall |
| 9:17 | Construir | House |
| 9:31 | Investigar | Feudal Age |
| 10:29 | Construir | Mining Camp |
| 10:33 | Construir | House |
| 10:54 | Construir | House |
| 10:57 | Construir | House |
| 11:00 | Construir | Palisade Wall |
| 11:41 | Edad | Edad Feudal |
| 11:44 | Construir | Archery Range |
| 11:53 | Crear | Villager (Male) |
| 11:55 | Investigar | Double-Bit Axe |
| 12:28 | Crear | Archer |
| 12:38 | Crear | Villager (Male) |
| 13:10 | Crear | Archer |
| 13:19 | Construir | Palisade Wall |
| 13:26 | Crear | Archer |
| 13:32 | Crear | Villager (Male) |
| 13:54 | Construir | Archery Range |
| 13:58 | Crear | Archer |
| 14:04 | Construir | Farm |
| 14:07 | Crear | Villager (Male) |
| 14:22 | Construir | Blacksmith |
| 14:28 | Crear | Archer |
| 14:48 | Crear | Archer |
| 14:49 | Crear | Archer |
| 15:03 | Crear | Villager (Male) |
| 15:05 | Construir | Farm |
| 15:07 | Investigar | Fletching |
| 15:12 | Construir | Farm |
| 15:14 | Construir | Farm |
| 15:21 | Construir | Farm |
| 15:30 | Construir | Palisade Wall |
| 15:34 | Construir | Palisade Wall |
| 15:47 | Crear | Villager (Male) |
| 15:54 | Construir | Palisade Wall |
| 15:57 | Construir | Farm |
| 16:04 | Crear | Villager (Male) |
| 16:18 | Crear | Archer |
| 16:19 | Crear | Archer |
| 16:31 | Crear | Archer |
| 16:32 | Crear | Archer |
| 16:32 | Crear | Archer |
| 16:45 | Crear | Villager (Male) |
| 17:31 | Crear | Archer |
| 17:31 | Crear | Archer |
| 17:37 | Crear | Villager (Male) |
| 17:55 | Crear | Archer |
| 17:55 | Crear | Archer |
| 18:16 | Crear | Archer |
| 18:31 | Crear | Villager (Male) |
| 18:34 | Construir | Farm |
| 18:37 | Construir | Farm |
| 18:38 | Construir | Farm |
| 18:51 | Crear | Villager (Male) |
| 19:33 | Crear | Villager (Male) |
| 19:55 | Crear | Archer |
| 19:55 | Crear | Archer |
| 19:59 | Construir | House |
| 20:03 | Construir | House |
| 20:05 | Investigar | Wheelbarrow |
| 20:48 | Construir | Farm |
| 20:51 | Construir | Farm |
| 21:24 | Crear | Archer |
| 21:24 | Crear | Archer |
| 21:44 | Crear | Archer |
| 21:45 | Crear | Archer |
| 22:08 | Investigar | Castle Age |
| 23:05 | Crear | Archer |
| 23:05 | Crear | Archer |
| 23:33 | Investigar | Gold Mining |
| 24:04 | Crear | Archer |
| 24:04 | Crear | Archer |
| 24:16 | Crear | Villager (Male) |
| 24:31 | Construir | House |
| 24:48 | Edad | Edad de los Castillos |
| 24:50 | Construir | Siege Workshop |
| 24:52 | Investigar | Crossbowman (upgrade) |
| 24:57 | Crear | Villager (Male) |
| 25:02 | Investigar | Bodkin Arrow |
| 25:17 | Investigar | Bow Saw |
| 25:46 | Crear | Battering Ram |
| 25:52 | Crear | Villager (Male) |
| 25:53 | Crear | Villager (Male) |
| 26:01 | Construir | Town Center |
| 26:04 | Crear | Archer ×2 |
| 26:27 | Construir | Lumber Camp |
| 27:17 | Investigar | Man-at-Arms (upgrade) |
| 27:23 | Crear | Fire Lancer |
| 27:24 | Crear | Fire Lancer |
| 27:28 | Crear | Villager (Male) |
| 27:28 | Crear | Villager (Male) |
| 28:04 | Crear | Villager (Male) |
| 28:09 | Crear | Fire Lancer |
| 29:08 | Crear | Villager (Male) |
| 29:11 | Crear | Fire Lancer |
| 29:11 | Crear | Fire Lancer |
| 29:31 | Construir | Town Center |
| 29:37 | Crear | Fire Lancer |
| 29:37 | Crear | Fire Lancer |
| 29:48 | Investigar | Scale Mail Armor |
| 29:49 | Investigar | Forging |
| 29:56 | Crear | Villager (Male) |
| 29:56 | Crear | Villager (Male) |
| 30:07 | Crear | Battering Ram |
| 31:16 | Construir | Mining Camp |
| 31:27 | Crear | Fire Lancer |
| 31:31 | Investigar | Chain Mail Armor |
| 31:39 | Crear | Villager (Male) |
| 31:39 | Crear | Villager (Male) |
| 31:57 | Crear | Villager (Male) |
| 32:01 | Crear | Fire Lancer |
| 32:01 | Crear | Fire Lancer |
| 32:41 | Crear | Fire Lancer |
| 32:41 | Crear | Fire Lancer |
| 33:13 | Crear | Villager (Male) |
| 33:13 | Crear | Villager (Male) |
| 33:19 | Crear | Fire Lancer |
| 33:21 | Investigar | Iron Casting |
| 33:33 | Crear | Battering Ram |
| 33:43 | Construir | Town Center |
| 33:55 | Crear | Fire Lancer |
| 34:12 | Crear | Villager (Male) |
| 34:13 | Crear | Villager (Male) |
| 34:43 | Crear | Fire Lancer |
| 34:44 | Crear | Fire Lancer |
| 34:57 | Crear | Villager (Male) |
| 34:57 | Crear | Villager (Male) |
| 35:08 | Construir | Farm |
Build order — JDIV
Primeras 150 de 294 acciones detectadas
| 0:00 | Crear | Villager (Male) |
| 0:01 | Crear | Villager (Male) |
| 0:03 | Construir | House |
| 0:05 | Construir | House |
| 0:12 | Crear | Villager (Male) |
| 0:12 | Crear | Villager (Male) |
| 1:10 | Crear | Villager (Male) |
| 1:10 | Crear | Villager (Male) |
| 1:33 | Crear | Villager (Male) |
| 1:34 | Crear | Villager (Male) |
| 1:50 | Construir | Lumber Camp |
| 2:07 | Crear | Villager (Male) |
| 2:08 | Crear | Villager (Male) |
| 2:21 | Crear | Villager (Male) |
| 2:21 | Crear | Villager (Male) |
| 2:37 | Construir | House |
| 3:03 | Crear | Villager (Male) |
| 3:07 | Crear | Villager (Male) |
| 3:07 | Crear | Villager (Male) |
| 3:33 | Construir | House |
| 3:43 | Crear | Villager (Male) |
| 4:06 | Crear | Villager (Male) |
| 4:06 | Crear | Villager (Male) |
| 4:10 | Construir | Mill |
| 4:50 | Crear | Villager (Male) |
| 5:20 | Crear | Villager (Male) |
| 6:05 | Crear | Villager (Male) |
| 6:05 | Crear | Villager (Male) |
| 6:06 | Investigar | Loom |
| 6:19 | Construir | Barracks |
| 6:38 | Crear | Villager (Male) |
| 6:38 | Investigar | Loom |
| 7:29 | Construir | Lumber Camp |
| 7:33 | Investigar | Feudal Age |
| 7:50 | Construir | Palisade Wall |
| 8:23 | Construir | Palisade Wall |
| 9:34 | Crear | Villager (Male) |
| 9:55 | Edad | Edad Feudal |
| 9:56 | Crear | Spearman |
| 9:57 | Crear | Spearman |
| 10:15 | Construir | Blacksmith |
| 10:22 | Construir | Market |
| 10:27 | Crear | Villager (Male) |
| 10:27 | Crear | Villager (Male) |
| 10:46 | Crear | Villager (Male) |
| 10:53 | Construir | Palisade Wall |
| 10:56 | Construir | House |
| 11:09 | Construir | Building 796 |
| 11:15 | Construir | House |
| 11:19 | Construir | Palisade Wall |
| 11:31 | Construir | Palisade Wall |
| 11:45 | Investigar | Double-Bit Axe |
| 11:46 | Investigar | Horse Collar |
| 12:05 | Construir | Mining Camp |
| 12:08 | Construir | Farm |
| 12:10 | Construir | Farm |
| 12:10 | Crear | Villager (Male) |
| 12:18 | Construir | Palisade Gate |
| 12:26 | Crear | Villager (Male) |
| 12:30 | Construir | Farm |
| 12:39 | Crear | Villager (Male) |
| 13:02 | Construir | Archery Range |
| 13:07 | Investigar | Fletching |
| 13:11 | Construir | Farm |
| 13:17 | Crear | Villager (Male) |
| 13:29 | Construir | Farm |
| 13:34 | Crear | Villager (Male) |
| 13:46 | Construir | Farm |
| 13:58 | Crear | Skirmisher |
| 13:58 | Crear | Skirmisher |
| 14:08 | Construir | Farm |
| 14:12 | Crear | Skirmisher |
| 14:19 | Construir | Farm |
| 14:35 | Crear | Skirmisher |
| 14:38 | Construir | Farm |
| 14:42 | Crear | Villager (Male) |
| 14:42 | Crear | Villager (Male) |
| 15:02 | Crear | Skirmisher |
| 15:05 | Crear | Villager (Male) |
| 15:08 | Construir | Farm |
| 15:09 | Construir | Farm |
| 15:19 | Construir | House |
| 15:28 | Construir | Farm |
| 15:33 | Construir | Farm |
| 15:50 | Construir | Farm |
| 16:16 | Crear | Villager (Male) |
| 16:16 | Crear | Villager (Male) |
| 16:26 | Crear | Villager (Male) |
| 16:29 | Construir | Farm |
| 16:38 | Crear | Skirmisher |
| 16:47 | Construir | Farm |
| 16:49 | Construir | Farm |
| 16:50 | Crear | Villager (Male) |
| 16:58 | Construir | Mining Camp |
| 17:03 | Construir | Farm |
| 17:06 | Crear | Villager (Male) |
| 17:09 | Construir | House |
| 17:14 | Construir | House |
| 17:20 | Construir | Farm |
| 17:32 | Crear | Spearman |
| 17:57 | Crear | Spearman |
| 18:22 | Crear | Skirmisher |
| 18:36 | Construir | Farm |
| 18:44 | Construir | House |
| 19:05 | Crear | Skirmisher |
| 19:10 | Investigar | Castle Age |
| 19:40 | Construir | Farm |
| 19:42 | Crear | Skirmisher |
| 19:43 | Crear | Skirmisher |
| 19:53 | Crear | Villager (Male) |
| 19:56 | Investigar | Scale Mail Armor |
| 20:17 | Construir | House |
| 20:20 | Construir | House |
| 20:24 | Construir | House |
| 20:32 | Crear | Skirmisher |
| 20:32 | Crear | Skirmisher |
| 20:59 | Crear | Skirmisher |
| 21:21 | Crear | Villager (Male) |
| 21:27 | Crear | Skirmisher |
| 21:28 | Crear | Skirmisher |
| 21:50 | Edad | Edad de los Castillos |
| 21:52 | Crear | Villager (Male) |
| 22:13 | Construir | Town Center |
| 22:18 | Crear | Villager (Male) |
| 22:46 | Crear | Villager (Male) |
| 22:46 | Crear | Villager (Male) |
| 23:00 | Construir | Castle |
| 23:06 | Crear | Villager (Male) |
| 23:07 | Crear | Villager (Male) |
| 23:21 | Investigar | Forging |
| 23:31 | Crear | Villager (Male) |
| 23:51 | Construir | Lumber Camp |
| 23:59 | Crear | Ghulam |
| 23:59 | Crear | Ghulam |
| 23:59 | Crear | Ghulam |
| 23:59 | Crear | Ghulam |
| 24:01 | Investigar | Chain Mail Armor |
| 24:08 | Crear | Villager (Male) |
| 24:34 | Crear | Villager (Male) |
| 24:37 | Crear | Villager (Male) |
| 24:42 | Crear | Ghulam |
| 24:43 | Crear | Ghulam |
| 24:45 | Construir | House |
| 24:46 | Construir | House |
| 24:57 | Crear | Ghulam |
| 24:58 | Crear | Ghulam |
| 25:06 | Crear | Ghulam |
| 25:47 | Investigar | Iron Casting |
| 25:54 | Crear | Ghulam |
| 25:54 | Crear | Ghulam |
Build order — hakan ozkafa
Primeras 150 de 297 acciones detectadas
| 0:01 | Crear | Villager (Male) |
| 0:03 | Construir | House |
| 0:05 | Construir | House |
| 0:23 | Crear | Villager (Male) |
| 0:23 | Crear | Villager (Male) |
| 0:23 | Crear | Villager (Male) |
| 1:33 | Construir | Lumber Camp |
| 1:52 | Crear | Villager (Male) |
| 1:52 | Crear | Villager (Male) |
| 2:04 | Crear | Villager (Male) |
| 2:04 | Crear | Villager (Male) |
| 2:33 | Crear | Villager (Male) |
| 3:29 | Crear | Villager (Male) |
| 3:29 | Crear | Villager (Male) |
| 3:29 | Crear | Villager (Male) |
| 3:29 | Crear | Villager (Male) |
| 3:50 | Crear | Villager (Male) |
| 3:50 | Crear | Villager (Male) |
| 3:58 | Construir | House |
| 4:02 | Construir | House |
| 4:09 | Crear | Villager (Male) |
| 4:39 | Crear | Villager (Male) |
| 4:39 | Crear | Villager (Male) |
| 5:00 | Crear | Villager (Male) |
| 5:00 | Crear | Villager (Male) |
| 5:43 | Crear | Villager (Male) |
| 6:28 | Crear | Villager (Male) |
| 6:28 | Crear | Villager (Male) |
| 6:29 | Crear | Villager (Male) |
| 7:09 | Crear | Villager (Male) |
| 7:21 | Construir | Mill |
| 7:46 | Construir | Barracks |
| 8:07 | Investigar | Loom |
| 8:35 | Investigar | Feudal Age |
| 8:35 | Investigar | Feudal Age |
| 8:43 | Construir | Mining Camp |
| 9:04 | Crear | Villager (Male) |
| 9:48 | Construir | House |
| 10:20 | Crear | Villager (Male) |
| 10:25 | Crear | Villager (Male) |
| 10:47 | Construir | Archery Range |
| 10:49 | Crear | Spearman |
| 10:50 | Crear | Villager (Male) |
| 10:54 | Construir | Palisade Wall |
| 11:00 | Construir | Palisade Wall |
| 11:00 | Construir | Palisade Wall |
| 11:04 | Construir | Palisade Wall |
| 11:04 | Construir | Palisade Wall |
| 11:15 | Construir | Palisade Wall |
| 11:17 | Construir | Palisade Wall |
| 11:20 | Construir | Palisade Wall |
| 11:25 | Crear | Villager (Male) |
| 11:42 | Crear | Archer |
| 11:48 | Construir | Archery Range |
| 11:55 | Construir | Blacksmith |
| 12:12 | Crear | Villager (Male) |
| 12:19 | Crear | Spearman |
| 12:21 | Crear | Archer |
| 12:26 | Crear | Archer |
| 12:26 | Crear | Archer |
| 12:29 | Construir | House |
| 12:34 | Construir | House |
| 12:35 | Construir | House |
| 12:40 | Crear | Archer |
| 12:44 | Investigar | Fletching |
| 13:16 | Crear | Villager (Male) |
| 13:19 | Crear | Archer |
| 13:25 | Crear | Spearman |
| 13:27 | Crear | Villager (Male) |
| 13:29 | Construir | Farm |
| 13:30 | Construir | Farm |
| 13:36 | Crear | Archer |
| 13:37 | Crear | Archer |
| 13:44 | Construir | House |
| 13:46 | Construir | House |
| 13:54 | Crear | Villager (Male) |
| 14:03 | Crear | Archer |
| 14:30 | Crear | Villager (Male) |
| 14:33 | Construir | Farm |
| 14:36 | Construir | Farm |
| 14:39 | Construir | Farm |
| 14:54 | Crear | Archer |
| 15:29 | Construir | Farm |
| 15:32 | Construir | Farm |
| 15:49 | Crear | Skirmisher |
| 15:49 | Crear | Skirmisher |
| 15:56 | Crear | Villager (Male) |
| 15:58 | Construir | Farm |
| 16:25 | Crear | Skirmisher |
| 16:25 | Crear | Skirmisher |
| 16:42 | Construir | Lumber Camp |
| 16:43 | Crear | Villager (Male) |
| 16:44 | Crear | Villager (Male) |
| 17:05 | Construir | Farm |
| 17:08 | Crear | Villager (Male) |
| 17:27 | Crear | Villager (Male) |
| 17:28 | Construir | Farm |
| 17:30 | Investigar | Horse Collar |
| 17:54 | Construir | Farm |
| 17:56 | Construir | Farm |
| 17:59 | Crear | Villager (Male) |
| 18:37 | Crear | Archer |
| 18:38 | Crear | Archer |
| 18:38 | Crear | Archer |
| 18:41 | Construir | House |
| 18:42 | Construir | House |
| 18:50 | Construir | House |
| 19:41 | Crear | Villager (Male) |
| 19:44 | Construir | Farm |
| 19:46 | Construir | Farm |
| 19:53 | Construir | Farm |
| 20:20 | Construir | House |
| 20:21 | Construir | House |
| 20:23 | Construir | House |
| 20:23 | Construir | House |
| 20:38 | Crear | Villager (Male) |
| 20:40 | Investigar | Castle Age |
| 21:00 | Crear | Archer |
| 21:01 | Crear | Archer |
| 21:56 | Crear | Archer |
| 21:56 | Crear | Archer |
| 22:01 | Crear | Villager (Male) |
| 22:26 | Construir | House |
| 22:47 | Crear | Archer |
| 22:47 | Crear | Archer |
| 23:16 | Investigar | Padded Archer Armor |
| 23:20 | Investigar | Gold Mining |
| 23:23 | Investigar | Double-Bit Axe |
| 23:33 | Crear | Archer ×5 |
| 23:45 | Investigar | Crossbowman (upgrade) |
| 23:47 | Investigar | Bodkin Arrow |
| 23:50 | Construir | Siege Workshop |
| 24:00 | Construir | Town Center |
| 24:12 | Construir | Town Center |
| 24:21 | Crear | Archer |
| 24:22 | Investigar | Thumb Ring |
| 24:25 | Investigar | Leather Archer Armor |
| 24:29 | Crear | Villager (Male) |
| 24:29 | Crear | Villager (Male) |
| 24:30 | Construir | Farm |
| 24:34 | Crear | Mangonel |
| 24:37 | Construir | House |
| 24:37 | Construir | House |
| 24:51 | Crear | Archer |
| 24:52 | Crear | Archer |
| 25:03 | Crear | Villager (Male) |
| 25:08 | Construir | Farm |
| 25:11 | Construir | Farm |
| 25:16 | Crear | Villager (Male) |
| 25:17 | Crear | Villager (Male) |
Cronología de la partida
| 0:05 | Toco · first_building Barracks |
| 6:19 | JDIV · first_building Barracks |
| 7:07 | zucs · wall_segment Palisade Wall x1 |
| 7:08 | zucs · wall_segment Palisade Wall x1 |
| 7:46 | hakan ozkafa · first_building Barracks |
| 7:50 | JDIV · wall_segment Palisade Wall x8 |
| 7:57 | zucs · first_building Barracks |
| 8:23 | JDIV · wall_segment Palisade Wall x11 |
| 8:25 | zucs · wall_segment Palisade Wall x1 |
| 9:55 | JDIV · age_up feudal |
| 10:47 | hakan ozkafa · first_building Archery Range |
| 10:53 | JDIV · wall_segment Palisade Wall x1 |
| 10:54 | hakan ozkafa · wall_segment Palisade Wall x2 |
| 11:00 | zucs · wall_segment Palisade Wall x1 |
| 11:00 | hakan ozkafa · wall_segment Palisade Wall x1 |
| 11:00 | hakan ozkafa · wall_segment Palisade Wall x1 |
| 11:04 | hakan ozkafa · wall_segment Palisade Wall x2 |
| 11:04 | hakan ozkafa · wall_segment Palisade Wall x1 |
| 11:15 | hakan ozkafa · wall_segment Palisade Wall x2 |
| 11:17 | hakan ozkafa · wall_segment Palisade Wall x2 |
| 11:19 | JDIV · wall_segment Palisade Wall x1 |
| 11:20 | hakan ozkafa · wall_segment Palisade Wall x3 |
| 11:31 | JDIV · wall_segment Palisade Wall x15 |
| 11:41 | zucs · age_up feudal |
| 11:44 | Toco · age_up feudal |
| 11:44 | zucs · first_building Archery Range |
| 12:45 | Toco · first_market_sell 100 stone |
| 13:02 | JDIV · first_building Archery Range |
| 13:19 | zucs · wall_segment Palisade Wall x1 |
| 15:30 | zucs · wall_segment Palisade Wall x12 |
| 15:34 | zucs · wall_segment Palisade Wall x15 |
| 15:54 | zucs · wall_segment Palisade Wall x7 |
| 18:21 | Toco · first_building Archery Range |
| 20:02 | Toco · wall_segment Palisade Wall x4 |
| 20:39 | Toco · first_market_buy 100 wood |
| 21:50 | JDIV · age_up castle |
| 23:00 | JDIV · first_building Castle |
| 23:50 | hakan ozkafa · first_building Siege Workshop |
| 23:57 | JDIV · first_market_sell 100 food |
| 24:48 | zucs · age_up castle |
| 24:50 | zucs · first_building Siege Workshop |
| 27:51 | JDIV · first_building Siege Workshop |
| 31:34 | hakan ozkafa · first_building Castle |
| 34:09 | Toco · age_up castle |
| 35:22 | hakan ozkafa · first_building Stable |
| 35:27 | Toco · first_building Castle |
| 35:46 | Toco · wall_segment Palisade Wall x1 |
| 35:51 | Toco · wall_segment Palisade Wall x1 |
| 38:55 | zucs · first_building Castle |
| 38:59 | JDIV · first_building Monastery |
| 40:51 | zucs · first_market_buy 500 wood |
| 41:10 | JDIV · resign |
[ ANÁLISIS IA · 1 CRÉDITO ]
¿Qué pasó realmente en esta partida?
Wolo.gg analiza cada decisión: build order, eco, micro, errores típicos por bracket. Análisis personalizado por WhatsApp o Discord en 30 segundos.
Guía civ
Inca
Guía mapa
Arabia
Perfil
Toco